 Dungeon Crawl Stone Soup version 0.31.0-9-g3a7656b989 (webtiles) character file.

Game seed: 4539461513781900118

63 qw the Shooter (level 3, -5/18 HPs)
             Began as a Spriggan Hunter on Feb 2, 2024.
             Slain by a gnoll
             ... wielding a +0 flail
              (14 damage)
             ... on level 1 of the Dungeon.
             The game lasted 00:00:04 (1014 turns).

qw the Shooter (Spriggan Hunter)                    Turns: 1014, Time: 00:00:04

Health: -5/18      AC:  2    Str:  7    XL:     3   Next: 89%
Magic:  4/4        EV: 19    Int: 10    God:
Gold:   0          SH:  0    Dex: 20    Spells: 2/2 levels left

rFire   . . .        a - +1 shortbow
rCold   . . .        (shield currently unavailable)
rNeg    . . .        c - +0 robe
rPois   +            (helmet restricted)
rElec   .            (no cloak)
rCorr   .            (gloves unavailable)
SInv    +            (boots unavailable)
Will    .....        (no amulet)
Stlth   ++           k - ring of poison resistance
HPRegen 0.23/turn    (no ring)
MPRegen 0.09/turn

%: no passive effects
@: very quick
A: very small, no large weapons, unfitting armour, see invisible, speed 3
a: no special abilities


You were on level 1 of the Dungeon.
You visited 1 branch of the dungeon, and saw 2 of its levels.


Innate Abilities, Weirdness & Mutations

You are very small and have problems with some larger weapons.
You are too small for most types of armour.
You have supernaturally acute eyesight. (SInv)
You cover ground extremely quickly. (Speed+++)


   Skills:
 - Level 1.5 Fighting
 - Level 5.0 Ranged Weapons
 + Level 4.1 Dodging
 - Level 1.5 Stealth


You had 2 spell levels left.
You didn't know any spells.
Your spell library was empty.

Inventory:

Hand Weapons
 a - a +1 shortbow (weapon)
Armour
 c - a +0 robe (worn)
Jewellery
 h - a ring of fire
 k - a ring of poison resistance (left hand)
Potions
 l - a potion of curing
 n - a potion of berserk rage {unknown}
 o - a potion of brilliance {unknown}

Dungeon Overview and Level Annotations

Branches:
Dungeon (2/15)

Altars:


Message History

You start resting.
A hobgoblin is nearby!
984 ||| FLEEEEING.
985 ||| FLEEEEING.
986 ||| FLEEEEING.
987 ||| FLEEEEING.
988 ||| FLEEEEING.
989 ||| FLEEEEING.
990 ||| FLEEEEING.
991 ||| FLEEEEING.
There is a stone staircase leading up here.
992 ||| STAIRDANCE You climb upwards.
There is a stone staircase leading down here.
You start resting.
HP restored.
You climb downwards.
The gnoll barely misses you. The gnoll closely misses you.
There is a stone staircase leading up here.
1007 ||| STAIRDANCE The gnoll completely misses you.
The gnoll barely misses you.
You climb upwards.
There is a stone staircase leading down here.
You shoot an arrow. The arrow closely misses the gnoll.
The gnoll misses you. The gnoll barely misses you.
You shoot an arrow. The arrow barely misses the gnoll.
The gnoll closely misses you. x2
You shoot an arrow. The arrow barely misses the gnoll.
The gnoll misses you. The gnoll barely misses you.
You shoot an arrow. The arrow hits the gnoll.
The gnoll is lightly wounded.
The gnoll closely misses you. The gnoll hits you with a +0 club.
The gnoll completely misses you. The gnoll hits you with a +0 club.
You shoot an arrow. The arrow hits the gnoll!
The gnoll is severely wounded.
The gnoll misses you. The gnoll hits you with a +0 club.
You shoot an arrow. The arrow hits the gnoll.
The gnoll is almost dead.
The gnoll hits you with a +0 flail!
Ouch! That really hurt!
You die...

######...##..........#
...[.##..##.....####.##
####.##..##...........#
####.##..###########..#
.................# #..#
#######....:####.# #..#
#......#.#.# #..#
#....)..#/g# #..#
#......###@###..#
#......# ##g>...###
##.....###........# ###
#.#.##.#.#.#####.# ..#
#.#.###.##.# #.# #.#
#.#.######.# #.# ..#
#.#......#.# #.# '##
###########.#.#####.#
..###...###...#.#.......#


You could see 2 gnolls.

Vanquished Creatures
  Jessica (D:1)
  A dart slug (D:1)
  A bat (D:1)
  5 endoplasms (D:1)
  3 goblins
  2 hobgoblins (D:1)
  2 jackals (D:1)
  7 kobolds (D:1)
  3 quokkas
  3 ball pythons (D:1)
  A frilled lizard (D:1)
  5 rats
34 creatures vanquished.

Notes
Turn   | Place    | Note
-------+----------+-------------------------------------------
     0 | D:1      | qw the Spriggan Hunter began the quest for the Orb.
     0 | D:1      | Reached XP level 1. HP: 10/10 MP: 2/2
     0 | D:1      | 0 ||| qw: Version: 0.3-a-155-g5e7d8dd
     0 | D:1      | 0 ||| qw: Game counter: 492
     0 | D:1      | 0 ||| qw: Melee chars always use a shield: true
     0 | D:1      | 0 ||| qw: God list: Okawaru
     0 | D:1      | 0 ||| qw: Allow faded altars: false
     0 | D:1      | 0 ||| qw: Do Orc after clearing Dungeon:15 true
     0 | D:1      | 0 ||| qw: Do second Lair branch before Depths: true
     0 | D:1      | 0 ||| qw: Lair rune preference: random
     0 | D:1      | 0 ||| qw: Goals: Normal
     0 | D:1      | 0 ||| PLANNING D:1-11
    63 | D:1      | Reached skill level 3 in Dodging
   189 | D:1      | Reached XP level 2. HP: 14/14 MP: 3/3
   414 | D:1      | Reached XP level 3. HP: 18/18 MP: 4/4
   428 | D:1      | Found a faded altar of an unknown god.
   774 | D:1      | 774 ||| DROPPING +6 ring of intelligence.
   775 | D:1      | 775 ||| UPGRADING to ring of poison resistance.
   776 | D:1      | 776 ||| READING scroll labelled ARCHALE XOTH.
   776 | D:1      | 776 ||| ENCHANTING +0 shortbow.
   777 | D:1      | 777 ||| READING scroll labelled YPHYER ISEIPT.
   778 | D:1      | 778 ||| READING scroll labelled BEIFFE CIMIDUDU.
   783 | D:1      | 783 ||| READING scroll labelled JOIMIU MURUZXO.
   783 | D:1      | 783 ||| IDENTIFYING sedimented golden potion
   784 | D:1      | 784 ||| READING scroll labelled ZUSASM FURUMOVAMM.
   885 | D:1      | 885 ||| DRINKING 2 emerald potions.
   886 | D:1      | 886 ||| DROPPING scroll of butterflies.
   887 | D:1      | 887 ||| DROPPING potion of invisibility.
   916 | D:2      | Noticed Jessica
   918 | D:2      | 918 ||| STAIRDANCE
   923 | D:1      | Killed Jessica
   924 | D:1      | Reached skill level 5 in Ranged Weapons
   976 | D:2      | 976 ||| RETREEEEATING.
   977 | D:2      | 977 ||| FLEEEEING.
   978 | D:2      | 978 ||| FLEEEEING.
   979 | D:2      | 979 ||| FLEEEEING.
   980 | D:2      | 980 ||| FLEEEEING.
   981 | D:2      | 981 ||| FLEEEEING.
   982 | D:2      | 982 ||| FLEEEEING.
   984 | D:2      | 984 ||| FLEEEEING.
   985 | D:2      | 985 ||| FLEEEEING.
   986 | D:2      | 986 ||| FLEEEEING.
   987 | D:2      | 987 ||| FLEEEEING.
   988 | D:2      | 988 ||| FLEEEEING.
   989 | D:2      | 989 ||| FLEEEEING.
   990 | D:2      | 990 ||| FLEEEEING.
   991 | D:2      | 991 ||| FLEEEEING.
   992 | D:2      | 992 ||| STAIRDANCE
  1007 | D:2      | 1007 ||| STAIRDANCE
  1014 | D:1      | Slain by a gnoll

Levels and vault maps discovered:
D:1:      minmay_arrival_nine_rooms, layout_loops_ring,
          hellmonk_ecumenical_altar_leap_of_faith, minmay_cut_off
D:2:      layout_basic, hangedman_decor_growths, nrook_mini_vaults,
          uniq_natasha, uniq_jessica

Skill      XL: |  1  2  3 |
---------------+----------+-----
Dodging        | 3 4 |  4.1
Ranged Weapons | 5 |  5.0
Fighting       | |  1.5
Stealth        | |  1.5

Action                     || total
---------------------------++-------
   Fire: Shortbow          ||    83
    Use: Scroll            ||     5
         Potion            ||     1
 Armour: Robe              ||    14
  Dodge: Dodged            ||    41

Table legend:
 A = Non-vault XP
 B = Vault XP
 C = Vault XP percentage of total XP
 D = Non-vault monster count
 E = Vault monster count
 F = Vault count percentage of total count
                 A         B        C        D         E       F
            +---------+---------+-------+---------+---------+-------
      Total |      52 |      39 |  42.9 |      31 |       3 |   8.8
            +---------+---------+-------+---------+---------+-------
        D:1 |      47 |      39 |  45.3 |      28 |       3 |   9.7
        D:2 |       5 |       0 |   0.0 |       3 |       0 |   0.0
            +---------+---------+-------+---------+---------+-------
